 Dungeon Crawl Stone Soup version 0.29.1-15-g9cfb28693d (webtiles) character file.

Game seed: 16526162550154378490

492 BuddhaDhamma the Cleaver (level 6, -2/51 HPs)
             Began as a Minotaur Berserker on Mar 20, 2023.
             Was a Believer of Trog.
             Slain by a neqoxec (8 damage)
             ... on level 1 of the Abyss.
             The game lasted 00:05:01 (3714 turns).

BuddhaDhamma the Cleaver (Minotaur Berserker)       Turns: 3714, Time: 00:05:01

Health: -2/51      AC: 19    Str: 24    XL:     6   Next: 91%
Magic:  5/5        EV:  4    Int:  4    God:    Trog [**....]
Gold:   133        SH:  0    Dex:  9    Spells: 5/5 levels left

rFire   . . .      SeeInvis .   n - +0 hand axe (vorpal)
rCold   . . .      Faith    .   (no shield)
rNeg    . . .      Spirit   .   l - +0 crystal plate armour
rPois   .          Reflect  .   (helmet restricted)
rElec   .          Harm     .   (no cloak)
rCorr   .          Rampage  .   (no gloves)
Will    .....                   (no boots)
Stlth   ..........              (no amulet)
HPRegen 0.17/turn               h - +4 ring of protection
MPRegen 0.09/turn               (no ring)

@: on berserk cooldown
A: horns 2, retaliatory headbutt
a: Renounce Religion, Berserk, Trog's Hand


You were on level 1 of the Abyss.
You worshipped Trog.
Trog was pleased with you.
You visited 1 branch of the dungeon, and saw 3 of its levels.
You visited the Abyss 1 time.

You collected 133 gold pieces.

Inventory:

Hand Weapons
 n - a +0 vorpal hand axe (weapon)
Missiles
 f - 5 poisoned darts (quivered)
Armour
 l - a +0 crystal plate armour (worn)
Jewellery
 h - a +4 ring of protection (left hand)
 k - an amulet of guardian spirit
Wands
 j - a wand of flame (25)
Scrolls
 b - 4 scrolls of identify {unknown}
 d - a scroll of fear {unknown}
 g - 2 scrolls of summoning {unknown}
 i - a scroll of teleportation {unknown}
 m - a scroll of torment {unknown}
Potions
 c - 4 potions of curing {unknown}
 e - a potion of might {unknown}


   Skills:
 - Level 3.6 Fighting
 + Level 9.5 Axes
 - Level 2.4 Armour
 - Level 2.1 Dodging


You had 5 spell levels left.
You didn't know any spells.
Your spell library was empty.

Dungeon Overview and Level Annotations

Branches:
Dungeon (3/15)

Altars:
Nemelex Xobeh
Vehumet


Innate Abilities, Weirdness & Mutations

You have a pair of horns on your head.
You reflexively headbutt those who attack you in melee.


Message History

You feel yourself moving faster!
You feel mighty!
You slash the large abomination!
Your headbutt misses the large abomination.
The large abomination is moderately damaged.
The large abomination hits you!
You slash the large abomination!
The large abomination is heavily damaged.
The large abomination hits you!!
* * * LOW HITPOINT WARNING * * *
You slash the large abomination!
The large abomination is almost destroyed.
You slash the large abomination!
You destroy the large abomination!
Trog accepts your kill.
Your life force feels restored.
Your Axes skill increases to level 9!
The substance of the Abyss twists violently, and a gateway leading down appears!
There is a gateway leading deeper into the Abyss here.
You feel a strong urge to attack something.
You start resting.
You feel your anger nearly subside.
You are no longer berserk.
You are exhausted.
You feel yourself slow down.
You start resting.
A neqoxec comes into view.
You start resting.
A neqoxec is nearby!
A neqoxec is nearby!
You start resting.
A neqoxec is nearby!
You closely miss the neqoxec. Your headbutt misses the neqoxec.
The neqoxec hits you.
* * * LOW HITPOINT WARNING * * *
You slash the neqoxec!
The neqoxec is moderately wounded.
The neqoxec hits you but does no damage.
You feel yourself speed up.
The neqoxec hits you but does no damage.
The neqoxec hits you!
You die...

#.. 3 ......
##........
####..... ..
##......##....
#.............
#..#>..#...#
##.
#..∩##....#
.....##@3..#
.. . #......##
#.
#..#.#..##..#
#.#♣.#.# ....#
#...#.#..####
##..._.##
..#'''##.... .
........ #.##
. ......#### #


You could see a neqoxec.

Vanquished Creatures
  A large abomination (Abyss:1)
  The ghost of Barneous the Ducker, an amateur HuWn (D:3)
  A small abomination (Abyss:1)
  A hound (D:3)
  7 adders
  A white imp (D:3)
  A worm (D:3)
  A dart slug (D:3)
  9 orcs (D:3)
  A bat (D:1)
  9 endoplasms
  3 giant cockroaches
  4 goblins
  2 hobgoblins (D:2)
  7 quokkas
  3 ball pythons
  4 frilled lizards
  10 kobolds
  5 rats
71 creatures vanquished.

Vanquished Creatures (others)
  2 fungi (D:3)
  2 plants (D:3)
4 creatures vanquished.

Grand Total: 75 creatures vanquished

Notes
Turn   | Place    | Note
-------+----------+-------------------------------------------
     0 | D:1      | BuddhaDhamma the Minotaur Berserker began the quest for the
                  | Orb.
     0 | D:1      | Reached XP level 1. HP: 19/19 MP: 0/0
   194 | D:1      | Reached skill level 4 in Axes
   481 | D:1      | Reached XP level 2. HP: 23/26 MP: 1/1
   986 | D:1      | Found a faded altar of an unknown god.
  1547 | D:2      | Reached skill level 5 in Axes
  1547 | D:2      | Reached XP level 3. HP: 26/31 MP: 2/2
  2481 | D:2      | Reached skill level 6 in Axes
  2481 | D:2      | Reached XP level 4. HP: 39/39 MP: 3/3
  2549 | D:3      | Reached ** piety under Trog
  2805 | D:3      | Reached skill level 7 in Axes
  2805 | D:3      | Reached XP level 5. HP: 45/45 MP: 4/4
  2900 | D:3      | Found a sparkling altar of Nemelex Xobeh.
  2935 | D:3      | Found a radiant altar of Vehumet.
  3376 | D:3      | Found a runed translucent gate.
  3376 | D:3      | Noticed Barneous's ghost (amateur HuWn)
  3377 | D:3      | Found a runed translucent gate.
  3377 | D:3      | Found a runed translucent gate.
  3583 | D:3      | Killed Barneous's ghost
  3584 | D:3      | Reached skill level 8 in Axes
  3592 | Abyss:1  | Found a corrupted altar of Lugonu.
  3592 | Abyss:1  | Cast into level 1 of the Abyss (kobold)
  3677 | Abyss:1  | Noticed a large abomination
  3683 | Abyss:1  | Reached XP level 6. HP: 27/50 MP: 5/5
  3689 | Abyss:1  | Killed a large abomination
  3690 | Abyss:1  | Reached skill level 9 in Axes
  3700 | Abyss:1  | Noticed a neqoxec
  3714 | Abyss:1  | Slain by a neqoxec

Illustrated notes

Levels and vault maps discovered:
D:1:      elethiomel_arrival_maze, layout_basic,
          shapermc_ecumenical_altar_rom_forum, serial_bayou_ford_a,
          skrybe_limestone_x, minmay_misc_feat_alley,
          hangedman_abyss_or_decor_lesser_grid
D:2:      layout_loops_corners
D:3:      layout_loops_ring, vehumet_altar_wand_db,
          nemelex_xobeh_ov_fountains_minmay, gammafunk_ghost_nasty_kobolds,
          grunt_ministairs_15
Abyss:1:  base:
D:2

Skill      XL: |  1  2  3  4  5  6 |
---------------+-------------------+-----
Axes           | 4 5 6 7 8 9 |  9.5
Fighting       | |  3.6
Armour         | |  2.4
Dodging        | |  2.1

Action                   |  1- 3 |  4- 6 || total
-------------------------+-------+-------++-------
Melee: Hand axe          |    82 |    91 ||   173
       Headbutt          |    12 |    15 ||    27
Throw: Dart              |     5 |       ||     5
Invok: Berserk           |       |     2 ||     2
Armor: Animal skin       |     4 |       ||     4
       Scale mail        |    25 |    10 ||    35
       Crystal plate arm |       |    36 ||    36
Dodge: Dodged            |    37 |    30 ||    67
